 Dungeon Crawl Stone Soup version 0.25-a0-156-g0c4bda3fdf (webtiles) character file.

Game seed: 12629349252640833326, levelgen mode: deterministic

641 Leeroy the Skirmisher (level 7, -2/63 HPs)
             Began as a Yellow Draconian Skald on Nov 20, 2019.
             Slain by a hornet zombie (7 damage)
             ... on level 4 of the Dungeon.
             The game lasted 00:14:55 (3679 turns).

Leeroy the Skirmisher (Yellow Draconian Skald)      Turns: 3679, Time: 00:14:56

Health: -2/63      AC:  6    Str: 13    XL:     7   Next: 26%
Magic:  10/10      EV: 12    Int: 14    God:
Gold:   182        SH:  0    Dex: 12    Spells: 3/10 levels left

rFire    . . .     SeeInvis .   n - +1 whip (elec)
rCold    . . .     Gourm    .   (no shield)
rNeg     . . .     Faith    .   (armour unavailable)
rPois    .         Spirit   .   (helmet restricted)
rElec    .         Reflect  .   (no cloak)
rCorr    +         Harm     .   (no gloves)
MR       .....                  (no boots)
Stlth    ++........             (no amulet)
HPRegen  0.20/turn              (no ring)
MPRegen  0.12/turn              (no ring)

@: no status effects
A: spit acid, unfitting armour, cold-blooded, acid resistance, AC +6
a: Breathe Acid


You were on level 4 of the Dungeon.
You were not hungry.

You visited 1 branch of the dungeon, and saw 4 of its levels.

You collected 182 gold pieces.

Inventory:

Hand Weapons
 a - a +0 falchion
 f - a +4 dagger
 k - a +2 flail of draining
 n - a +1 whip of electrocution (weapon)
 x - a +0 hunting sling of velocity
 z - a +1 war axe of chopping
 B - a +0 arbalest
 C - a +0 falchion of holy wrath
Missiles
 m - 8 boomerangs (quivered)
 v - 125 stones
Jewellery
 w - an uncursed ring of protection from fire {unknown}
 y - an uncursed ring of fire {unknown}
Scrolls
 b - 2 scrolls of remove curse {unknown}
 e - a scroll of random uselessness {unknown}
 g - 3 scrolls of enchant weapon {unknown}
 h - 3 scrolls of teleportation {unknown}
 p - a scroll of immolation {unknown}
 q - 3 scrolls of identify {unknown}
 r - a scroll of amnesia {unknown}
 s - 2 scrolls of noise {unknown}
 u - a scroll of enchant armour {unknown}
Potions
 d - a potion of brilliance {unknown}
 i - a potion of degeneration {unknown}
 j - a potion of lignification {unknown}
 l - a potion of resistance {unknown}
 o - a potion of haste {unknown}
Comestibles
 c - 7 rations
 A - 3 chunks of flesh


   Skills:
 - Level 6.1 Fighting
 - Level 4.3 Long Blades
 - Level 2.1 Dodging
 - Level 3.3 Stealth
 - Level 2.0 Spellcasting
 + Level 3.4 Charms


You had 3 spell levels left.
You knew the following spells:

 Your Spells              Type           Power        Failure   Level  Hunger
a - Infusion              Chrm           ##..         6%          1    ##.....
b - Spectral Weapon       Hex/Chrm       #.......     34%         3    ####...
c - Regeneration          Chrm/Necr      #.........   34%         3    ####...

Your spell library contained the following spells:

 Spells                   Type           Power        Failure   Level  Hunger
 Song of Slaying          Chrm           ##......     9%          2    ###....
 Shroud of Golubria       Chrm/Tloc      #.....       19%         2    ###....


Dungeon Overview and Level Annotations

Branches:
Dungeon (4/15)
 Temple: D:4-7

Altars:
Okawaru
Sif Muna
Trog
Yredelemnul


Innate Abilities, Weirdness & Mutations

You can spit globs of acid.
Your golden yellow scales are hard. (AC +6)
You cannot fit into any form of body armour.
You are cold-blooded and may be slowed by cold attacks.
You are resistant to acid. (rCorr)


Message History

You barely miss the hornet zombie.
The hornet zombie is heavily damaged.
The hornet zombie hits you! The hornet zombie hits you.
* * * LOW HITPOINT WARNING * * *
You hit the hornet zombie.
The hornet zombie is heavily damaged.
The hornet zombie hits you.
* * * LOW HITPOINT WARNING * * *
You hit the hornet zombie but do no damage.
Lightning courses through the hornet zombie!
The hornet zombie is severely damaged.
The hornet zombie hits you but does no damage. x2
You hit the hornet zombie.
The hornet zombie is severely damaged.
The hornet zombie hits you!
* * * LOW HITPOINT WARNING * * *
You hit the hornet zombie but do no damage.
The hornet zombie is severely damaged.
The hornet zombie hits you!
You die...

.....####.....####...........#.#
.....# #........#...........#.#
.....# #.........####.......#+#
.....# ######....# #........
.....# #....# #......... #
###### #....# ##........ #
#....+..+ # #......##.. #
#..@....... # #........Z..._...
# #.#####.......... #
#....8..... # #.......... #
#.._..._!.. # #.........# #
#.##.....a#


You could see a worker ant (sleeping) and a hornet zombie.

Vanquished Creatures
  Sigmund (D:3)
  A phantom (D:4)
  4 orc priests
  2 hounds (D:4)
  2 orc wizards (D:3)
  3 gnolls
  3 adders
  A howler monkey skeleton (D:4)
  2 worms
  2 dart slugs
  2 leopard geckos (D:1)
  18 orcs
  7 bats
  5 giant cockroaches
  7 goblins
  3 hobgoblins
  A ball python (D:1)
  6 frilled lizards
  8 kobolds
  A quokka skeleton (D:4)
  4 rats
83 creatures vanquished.

Notes
Turn   | Place    | Note
-------+----------+-------------------------------------------
     0 | D:1      | Leeroy the Draconian Skald began the quest for the Orb.
     0 | D:1      | Reached XP level 1. HP: 17/17 MP: 3/3
   111 | D:1      | Reached XP level 2. HP: 23/24 MP: 5/5
   546 | D:2      | Reached XP level 3. HP: 23/29 MP: 6/6
  1351 | D:3      | Reached XP level 4. HP: 18/36 MP: 7/7
  1400 | D:3      | Reached skill level 3 in Fighting
  1800 | D:3      | Noticed Sigmund
  1820 | D:3      | Killed Sigmund
  1820 | D:3      | Reached skill level 5 in Fighting
  1820 | D:3      | Reached XP level 5. HP: 14/48 MP: 4/8
  1820 | D:3      | Reached XP level 6. HP: 17/56 MP: 4/9
  2265 | D:3      | Reached skill level 6 in Fighting
  2635 | D:4      | Reached skill level 1 in Stealth
  2755 | D:4      | Your scales start taking on a golden yellow colour.
  2755 | D:4      | Reached XP level 7. HP: 34/63 MP: 10/10
  2755 | D:4      | Gained mutation: You are resistant to acid. (rCorr) [Yellow
                  | Draconian growth]
  2848 | D:3      | HP: 3/63 [orc/+0 club (3)]
  3252 | D:3      | Learned a level 3 spell: Spectral Weapon
  3258 | D:3      | Learned a level 3 spell: Regeneration
  3656 | D:4      | Found a basalt altar of Yredelemnul.
  3656 | D:4      | Found an iron altar of Okawaru.
  3660 | D:4      | Found a bloodstained altar of Trog.
  3660 | D:4      | Found a shimmering blue altar of Sif Muna.
  3679 | D:4      | Slain by a hornet zombie

Levels and vault maps discovered:
D:1:      saegor_arrival_simple_b, layout_rooms, minmay_close_crescents
D:2:      layout_loops_corners, minmay_misc_feat_encased
D:3:      layout_loops_ring, first_ration, minmay_misc_feat_four_crosses,
          grunt_decor_one_mirror, uniq_sigmund
D:4:      layout_basic, marbit_many_paths, grunt_temple_overflow_open

Skill      XL: |  1  2  3  4  5  6  7 |
---------------+----------------------+-----
Long Blades    | 3 4 |  4.3
Fighting       | 5 6 |  6.1
Stealth        | 3 |  3.3
Charms         | 3 |  3.4
Dodging        | |  2.1
Spellcasting   | |  2.0

Action                   |  1- 3 |  4- 6 |  7- 9 || total
-------------------------+-------+-------+-------++-------
Melee: Falchion          |    15 |       |       ||    15
       Dagger            |    43 |       |     1 ||    44
       Tailslap          |     8 |    13 |     3 ||    24
       Flail             |    59 |       |       ||    59
       Whip              |    11 |   116 |    31 ||   158
Throw: Boomerang         |       |       |     1 ||     1
 Cast: Infusion          |       |     5 |       ||     5
       Spectral Weapon   |       |       |     2 ||     2
 Abil: Breathe Acid      |       |       |     2 ||     2
  Use: Potion            |     1 |       |     1 ||     2
  Eat: Chunk             |     2 |     4 |     4 ||    10
Armor: Skin              |    47 |    25 |     8 ||    80
Dodge: Dodged            |   105 |    60 |    27 ||   192
       Rpst.: Falchion   |     4 |       |       ||     4

Table legend:
 A = Non-vault XP
 B = Vault XP
 C = Vault XP percentage of total XP
 D = Non-vault monster count
 E = Vault monster count
 F = Vault count percentage of total count
                 A         B        C        D         E       F
            +---------+---------+-------+---------+---------+-------
      Total |     682 |     235 |  25.6 |      79 |       4 |   4.8
            +---------+---------+-------+---------+---------+-------
        D:1 |      30 |       4 |  11.8 |      17 |       3 |  15.0
        D:2 |      49 |       0 |   0.0 |      19 |       0 |   0.0
        D:3 |     253 |     231 |  47.7 |      28 |       1 |   3.4
        D:4 |     350 |       0 |   0.0 |      15 |       0 |   0.0
            +---------+---------+-------+---------+---------+-------
